 Dungeon Crawl Stone Soup version 0.28-a0-535-g6f645e4c1d (webtiles) character file.

Game seed: 7445337562352472452

1203 heikuro the Chopper (level 8, -4/64 HPs)
             Began as a Formicid Fighter on Sept 26, 2021.
             Was a Follower of Okawaru.
             Slain by a two-headed ogre (22 damage)
             ... on level 6 of the Dungeon.
             The game lasted 00:08:57 (7538 turns).

heikuro the Chopper (Formicid Fighter)              Turns: 7538, Time: 00:08:57

Health: -4/64      AC: 16    Str: 22    XL:     8   Next: 73%
Magic:  0/10       EV:  7    Int:  9    God:    Okawaru [*.....]
Gold:   301        SH: 15    Dex: 10    Spells: 7/7 levels left

rFire   . . .      SeeInvis +   a - +0 war axe
rCold   . . .      Faith    .   b - +0 tower shield
rNeg    . . .      Spirit   +   k - +0 plate armour
rPois   .          Reflect  .   (helmet unavailable)
rElec   .          Harm     .   f - +0 cloak
rCorr   .          Rampage  .   (no gloves)
Will    .....                   (no boots)
Stlth   ..........              m - amulet of guardian spirit
HPRegen 0.20/turn               (no ring)
MPRegen 0.12/turn               (no ring)

@: heroic
A: permanent stasis, dig shafts and tunnels, antennae 3, four strong arms
a: Dig, Shaft Self, Renounce Religion, Heroism


You were on level 6 of the Dungeon.
You worshipped Okawaru.
Okawaru was aware of your devotion.
You visited 2 branches of the dungeon, and saw 7 of its levels.
You also visited: Sewer.

You collected 301 gold pieces.

Inventory:

Hand Weapons
 a - a +0 war axe (weapon)
Missiles
 n - 2 boomerangs
 p - 17 poisoned darts (quivered)
 s - a throwing net
Armour
 b - a +0 tower shield (worn)
 f - a +0 cloak (worn)
 k - a +0 plate armour (worn)
Jewellery
 m - an amulet of guardian spirit (around neck)
 u - a ring of ice
Wands
 w - a wand of polymorph (8)
 z - a wand of flame (12)
Scrolls
 g - 3 scrolls of enchant armour {unknown}
 h - a scroll of fog {unknown}
 j - 5 scrolls of teleportation {unknown}
 l - a scroll of enchant weapon {unknown}
 o - 3 scrolls of identify {unknown}
 r - a scroll of vulnerability {unknown}
 v - a scroll of blinking {unknown}
 x - a scroll of fear {unknown}
 y - 2 scrolls of immolation {unknown}
Potions
 c - a potion of mutation {unknown}
 d - 2 potions of might
 e - 2 potions of degeneration {unknown}
 i - 2 potions of lignification {unknown}
 q - a potion of brilliance {unknown}
 t - a potion of resistance {unknown}
 A - a potion of heal wounds {unknown}


   Skills:
 + Level 5.8(10.8) Fighting
 * Level 6.4(11.4) Axes
 + Level 5.7(10.7) Armour
 + Level 5.6(10.6) Shields
 + Level 3.1 Invocations


You had 7 spell levels left.
You didn't know any spells.
Your spell library contained the following spells:

 Spells                   Type           Power      Damage    Failure   Level
 Sandblast                Erth           0%         2d4       100%        1
 Corpse Rot               Necr/Air       N/A        N/A       100%        2
 Passwall                 Tmut/Erth      0%         N/A       100%        2
 Poisonous Vapours        Pois/Air       0%         N/A       100%        2
 Conjure Flame            Conj/Fire      0%         6-21      100%        3
 Ignite Poison            Fire/Tmut/Pois 0%         N/A       100%        3
 Inner Flame              Hex/Fire       0%         N/A       100%        3
 Stone Arrow              Conj/Erth      0%         3d7       100%        3
 Cause Fear               Hex            0%         N/A       100%        4
 Sticky Flame             Conj/Fire      0%         2d3       100%        4
 Discord                  Hex            0%         N/A       100%        8


Dungeon Overview and Level Annotations

Branches:
Dungeon (6/15)             Temple (1/1) D:4           Sewer (visited)

Altars:
Ashenzari
Fedhas
Gozag
Hepliaklqana
Kikubaaqudgha
Makhleb
Nemelex Xobeh
Okawaru
Qazlal
Trog
Wu Jian
Xom
The Shining One

Shops:
D:5 [

Annotations:
D:4 3 runed translucent doors, MikuNakano's ghost, novice VSFi


Innate Abilities, Weirdness & Mutations

You cannot be hasted, slowed, berserked, paralysed or teleported.
You can dig through walls and to a lower floor.
You have a pair of large antennae on your head. (SInv)
Your four strong arms can wield two-handed weapons with a shield.


Message History

The two-headed ogre hits you with a +0 giant club.
You see here a +0 club.
Okay, then.
Unknown command.
You gain the combat prowess of a mighty hero.
You hit the two-headed ogre but do no damage.
You block the two-headed ogre's attack. x2
You slash the two-headed ogre!
The two-headed ogre is lightly wounded.
The two-headed ogre hits you with a +0 giant club!
The two-headed ogre hits you with a +0 giant club.
You hit the two-headed ogre.
The two-headed ogre is lightly wounded.
The two-headed ogre hits you with a +0 giant club!
You block the two-headed ogre's attack.
You slash the two-headed ogre!
The two-headed ogre is heavily wounded.
The two-headed ogre barely misses you. The two-headed ogre closely misses you.
You hit the two-headed ogre.
The two-headed ogre is heavily wounded.
You block the two-headed ogre's attack. The two-headed ogre barely misses you.
You slash the two-headed ogre!
The two-headed ogre is severely wounded.
You completely miss the two-headed ogre.
The two-headed ogre is severely wounded.
The two-headed ogre hits you with a +0 giant club!
The two-headed ogre hits you but does no damage.
You slash the two-headed ogre!
The two-headed ogre is almost dead.
You block the two-headed ogre's attack.
The two-headed ogre hits you with a +0 giant club.
You hit the two-headed ogre.
The two-headed ogre is almost dead.
You block the two-headed ogre's attack. The two-headed ogre barely misses you.
You closely miss the two-headed ogre.
The two-headed ogre is almost dead.
The two-headed ogre hits you with a +0 giant club!
* * * LOW HITPOINT WARNING * * *
The two-headed ogre hits you with a +0 giant club!!
You die...

.....#.# #.##....[...#
#.####.####.#######.#.#
#..)...#............#.#
######.#.##.#########.#
###.##.........#.#
#.##########.#'## #.#
########....# #.#
#.....#.....# #.#
#.###@###...# #.# #.#
#O#........ #.###.#
#.#.######## #.....#
#.#. { ####### #(# ..#
...# ###.# #.#


You could see a two-headed ogre.

Vanquished Creatures
  Sigmund (D:6)
  Purgy (Sewer)
  An ice beast (D:5)
  An ogre (D:5)
  A phantom (D:5)
  5 scorpions
  A water moccasin skeleton (D:5)
  2 bullfrog skeletons
  A hound (D:5)
  A jelly (D:3)
  Crazy Yiuf (D:2)
  Natasha (thrice) (D:2 D:1)
  A howler monkey skeleton (D:4)
  4 adders
  A river rat (D:4)
  A white imp (D:5)
  An adder skeleton (D:4)
  A dart slug (D:5)
  6 ball pythons
  5 endoplasms
  A giant cockroach (D:1)
  9 hobgoblins
  6 jackals
  3 quokkas
  5 bats
  4 frilled lizards
  2 goblins
  10 kobolds
  9 rats
88 creatures vanquished.

Vanquished Creatures (others)
  5 fungi (D:2)
  7 plants (D:1)
  14 withered plants (D:1)
26 creatures vanquished.

Grand Total: 114 creatures vanquished

Notes
Turn   | Place    | Note
-------+----------+-------------------------------------------
     0 | D:1      | heikuro the Formicid Fighter began the quest for the Orb.
     0 | D:1      | Reached XP level 1. HP: 18/18 MP: 1/1
   210 | D:1      | Reached XP level 2. HP: 10/24 MP: 2/2
   782 | D:1      | Reached XP level 3. HP: 29/29 MP: 3/3
   811 | D:1      | Found a faded altar of an unknown god.
  1187 | D:2      | Noticed Natasha
  1192 | D:2      | Killed Natasha
  1193 | D:2      | Reached skill level 3 in Axes
  1224 | D:2      | Reached XP level 4. HP: 37/37 MP: 4/4
  1390 | D:2      | Noticed Natasha
  1411 | D:1      | Killed Natasha
  1991 | D:1      | Noticed Natasha
  2003 | D:1      | Killed Natasha
  2004 | D:1      | Reached XP level 5. HP: 5/42 MP: 5/5
  2312 | D:1      | Found a faded altar of an unknown god.
  3250 | D:2      | Found a runed translucent door.
  3251 | D:2      | Noticed Crazy Yiuf
  3330 | D:3      | Reached skill level 4 in Axes
  3480 | D:3      | Found a hazy altar of Hepliaklqana.
  3488 | D:3      | Reached XP level 6. HP: 43/49 MP: 4/6
  3888 | D:4      | Found a glowing drain.
  3962 | Sewer    | Entered a sewer
  4178 | Sewer    | Noticed Purgy
  4207 | Sewer    | Killed Purgy
  4208 | Sewer    | Reached XP level 7. HP: 14/55 MP: 2/7
  4554 | D:4      | Found a bloodstained altar of Trog.
  4639 | D:4      | Found a staircase to the Ecumenical Temple.
  4644 | D:4      | Found a runed translucent gate.
  4644 | D:4      | Found a runed translucent gate.
  4644 | D:4      | Found a runed translucent gate.
  4657 | Temple   | Entered the Ecumenical Temple
  4893 | Temple   | Became a worshipper of Warmaster Okawaru
  4983 | D:4      | Reached skill level 5 in Axes
  4999 | D:4      | Noticed MikuNakano's ghost (novice VSFi)
  5335 | D:5      | Entered Level 5 of the Dungeon
  5417 | D:5      | Reached skill level 5 in Fighting
  5417 | D:5      | Reached skill level 5 in Armour
  5507 | D:5      | Reached skill level 1 in Invocations
  5669 | D:5      | Reached skill level 5 in Shields
  5683 | D:5      | Reached XP level 8. HP: 53/62 MP: 7/9
  5839 | D:5      | Reached * piety under Okawaru
  5840 | D:5      | Reached skill level 6 in Axes
  6247 | D:5      | Found Byrurul's Armour Shoppe.
  6392 | D:2      | Killed Crazy Yiuf
  6645 | D:5      | Found a burning altar of Makhleb.
  6935 | D:5      | Found an ornate altar of the Wu Jian Council.
  7220 | D:6      | Noticed a gargoyle
  7320 | D:6      | Noticed Sigmund
  7334 | D:6      | Killed Sigmund
  7523 | D:6      | Noticed a two-headed ogre
  7538 | D:6      | Slain by a two-headed ogre

Illustrated notes

Levels and vault maps discovered:
D:1:      co_arrival_random_square_maze, layout_basic,
          shapermc_ecumenical_altar_flowoftime
D:2:      layout_loops_ring, minmay_statues_item, uniq_natasha,
          uniq_crazy_yiuf_cottage
D:3:      layout_rooms, mainiacjoe_overflow_paths, kennysheep_cross_room
D:4:      layout_cave_pools, trog_hazing_becter,
          minmay_temple_entry_antechambers, gammafunk_ghost_necromancy,
          portal_sewer_entry_c
D:5:      layout_layer_cave, nzn_wu_jian_contemplation, lightli_temple_of_fire,
          serial_shops, nicolae_square_shop
D:6:      minmay_inner_zag, layout_basic, zin_purify, lemuel_doored_altar,
          mainiacjoe_overflow_chevrons, slow_altar_1, uniq_sigmund
Temple:   jpeg_temple_island

Skill      XL: |  1  2  3  4  5  6  7  8 |
---------------+-------------------------+-----
Axes           | 3 4 5 6 |  6.4
Fighting       | 4 5 |  5.8
Armour         | 4 5 |  5.7
Shields        | 4 5 |  5.6
Invocations    | 1 3 |  3.1

Action                   |  1- 3 |  4- 6 |  7- 9 || total
-------------------------+-------+-------+-------++-------
Melee: War axe           |    64 |   172 |   154 ||   390
Throw: Dart              |       |     4 |    14 ||    18
Invok: Heroism           |       |       |     1 ||     1
 Abil: Dig               |       |     1 |       ||     1
Armor: Scale mail        |    28 |     9 |       ||    37
       Plate armour      |       |   139 |    94 ||   233
Dodge: Dodged            |    23 |    13 |    25 ||    61
Block: Buckler           |    13 |     6 |       ||    19
       Tower shield      |       |   149 |   109 ||   258

Table legend: (Time is in decaauts)
 A = Elapsed time spent in this place.
 B = Non-inter-level travel time spent in this place.
 C = Inter-level travel time spent in this place.
 D = Time resting spent in this place.
 E = Time spent auto-exploring this place.
 F = Levels seen in this place.
 G = Mean time per level.
                   A        B        C        D        E       F      G
               +--------+--------+--------+--------+--------+-----+--------+
         Total |   7818 |   7324 |    494 |   1298 |   4595 |   8 |  977.2 |
       Dungeon |   6956 |   6479 |    477 |    926 |   4270 |   6 | 1159.3 |
        Temple |    298 |    281 |     17 |      0 |    249 |   1 |  298.0 |
         Sewer |    564 |    564 |      0 |    372 |     75 |   1 |  564.0 |
               +--------+--------+--------+--------+--------+-----+--------+

Top non-repeatable levels by time:
     D:1: 2452 daAuts
     D:5: 1726 daAuts
     D:2: 1055 daAuts
     D:4: 782 daAuts
     D:3: 655 daAuts
   Sewer: 564 daAuts
  Temple: 298 daAuts
     D:6: 283 daAuts
